Workbook

Sheet Income & Expenses
A1: INCOME & EXPENSES REGISTER
A2: Track income, expenses, payment methods, status and running balance
A4: S.No. | B4: Date | C4: Type | D4: Category | E4: Description | F4: Payment Method | G4: Transaction ID | H4: Amount | I4: Status | J4: Running Balance | K4: Notes / Remarks
A5: =ROW()-4 -> 1 | B5: 46266 | C5: Income | D5: Salary | E5: Monthly salary | F5: Bank Transfer | G5: xxxxxxxxx | H5: 56000 | I5: Received | J5: =IF(C5="Income",H5,-H5) -> 56000 | K5: September salary
A6: =ROW()-4 -> 2 | B6: 46267 | C6: Expense | D6: Rent | E6: Office rent | F6: Bank Transfer | G6: xxxxxxxx | H6: 12000 | I6: Paid | J6: =IF(C6="Income",H6,-H6)+J5 -> 44000 | K6: Monthly office rent
A7: =ROW()-4 -> 3 | B7: 46269 | C7: Income | D7: Sales | E7: Product sales | F7: UPI | G7: xxxxxxxxxxx | H7: 19500 | I7: Received | J7: =IF(C7="Income",H7,-H7)+J6 -> 63500 | K7: Online sales
A8: =ROW()-4 -> 4 | B8: 46270 | C8: Expense | D8: Office Supplies | E8: Printer paper and stationery | F8: Cash | H8: 1500 | I8: Paid | J8: =IF(C8="Income",H8,-H8)+J7 -> 62000 | K8: Office supplies
A9: =ROW()-4 -> 5 | B9: 46273 | C9: Expense | D9: Internet & Phone | E9: Internet bill | F9: UPI | G9: xxxxxxxxxxxxx | H9: 999 | I9: Paid | J9: =IF(C9="Income",H9,-H9)+J8 -> 61001 | K9: Monthly internet
A10: =ROW()-4 -> 6 | B10: 46275 | C10: Income | D10: Commission | E10: Service commission | F10: Bank Transfer | G10: xxxxxxxxxxxx | H10: 7200 | I10: Received | J10: =IF(C10="Income",H10,-H10)+J9 -> 68201 | K10: Client commission
A11: =ROW()-4 -> 7 | B11: 46278 | C11: Expense | D11: Travel | E11: Local business travel | F11: Cash | H11: 1900 | I11: Paid | J11: =IF(C11="Income",H11,-H11)+J10 -> 66301 | K11: Client visit
A12: =ROW()-4 -> 8 | B12: 46283 | C12: Expense | D12: Marketing | E12: Social media promotion | F12: Credit Card | G12: xxxxxxxxxxxx | H12: 3500 | I12: Paid | J12: =IF(C12="Income",H12,-H12)+J11 -> 62801 | K12: Campaign expense
A13: =ROW()-4 -> 9 | B13: 46287 | C13: Income | D13: Interest | E13: Bank interest | F13: Bank Transfer | G13: xxxxxxxxxx | H13: 1250 | I13: Received | J13: =IF(C13="Income",H13,-H13)+J12 -> 64051 | K13: Savings interest
A14: =ROW()-4 -> 10 | B14: 46290 | C14: Expense | D14: Utilities | E14: Electricity bill | F14: UPI | G14: xxxxxxx | H14: 2400 | I14: Pending | J14: =IF(C14="Income",H14,-H14)+J13 -> 61651 | K14: Due next week
A15: =IF(B15="","",ROW()-4) | J15: =IF(B15="","",IF(C15="Income",H15,-H15)+J14)
A16: =IF(B16="","",ROW()-4) | J16: =IF(B16="","",IF(C16="Income",H16,-H16)+J15)
A17: =IF(B17="","",ROW()-4) | J17: =IF(B17="","",IF(C17="Income",H17,-H17)+J16)
A18: =IF(B18="","",ROW()-4) | J18: =IF(B18="","",IF(C18="Income",H18,-H18)+J17)
A19: =IF(B19="","",ROW()-4) | J19: =IF(B19="","",IF(C19="Income",H19,-H19)+J18)
A20: =IF(B20="","",ROW()-4) | J20: =IF(B20="","",IF(C20="Income",H20,-H20)+J19)
A21: =IF(B21="","",ROW()-4) | J21: =IF(B21="","",IF(C21="Income",H21,-H21)+J20)
A22: =IF(B22="","",ROW()-4) | J22: =IF(B22="","",IF(C22="Income",H22,-H22)+J21)
A23: =IF(B23="","",ROW()-4) | J23: =IF(B23="","",IF(C23="Income",H23,-H23)+J22)
A24: =IF(B24="","",ROW()-4) | J24: =IF(B24="","",IF(C24="Income",H24,-H24)+J23)
A25: =IF(B25="","",ROW()-4) | J25: =IF(B25="","",IF(C25="Income",H25,-H25)+J24)
A26: =IF(B26="","",ROW()-4) | J26: =IF(B26="","",IF(C26="Income",H26,-H26)+J25)
... A104: =IF(B104="","",ROW()-4) | J104: =IF(B104="","",IF(C104="Income",H104,-H104)+J103)

Sheet Dashboard
A1: INCOME & EXPENSES DASHBOARD
A3: Total Income | B3: =SUMIF('Income & Expenses'!$C$5:$C$104,"Income",'Income & Expenses'!$H$5:$H$104) -> 83950 | D3: Total Expenses | E3: =SUMIF('Income & Expenses'!$C$5:$C$104,"Expense",'Income & Expenses'!$H$5:$H$104) -> 22299 | G3: Net Balance | H3: =B3-E3 -> 61651
A6: Summary
A7: Metric | B7: Amount | D7: Expense Category | E7: Amount
A8: Total Income | B8: =B3 -> 83950 | D8: Office Supplies | E8: =SUMIFS('Income & Expenses'!$H$5:$H$104,'Income & Expenses'!$C$5:$C$104,"Expense",'Income & Expenses'!$D$5:$D$104,D8) -> 1500
A9: Total Expenses | B9: =E3 -> 22299 | D9: Travel | E9: =SUMIFS('Income & Expenses'!$H$5:$H$104,'Income & Expenses'!$C$5:$C$104,"Expense",'Income & Expenses'!$D$5:$D$104,D9) -> 1900
A10: Net Balance | B10: =H3 -> 61651 | D10: Utilities | E10: =SUMIFS('Income & Expenses'!$H$5:$H$104,'Income & Expenses'!$C$5:$C$104,"Expense",'Income & Expenses'!$D$5:$D$104,D10) -> 2400
A11: Pending Transactions | B11: =COUNTIF('Income & Expenses'!$I$5:$I$104,"Pending") -> 1 | D11: Rent | E11: =SUMIFS('Income & Expenses'!$H$5:$H$104,'Income & Expenses'!$C$5:$C$104,"Expense",'Income & Expenses'!$D$5:$D$104,D11) -> 12000
D12: Salaries | E12: =SUMIFS('Income & Expenses'!$H$5:$H$104,'Income & Expenses'!$C$5:$C$104,"Expense",'Income & Expenses'!$D$5:$D$104,D12) -> 0
D13: Marketing | E13: =SUMIFS('Income & Expenses'!$H$5:$H$104,'Income & Expenses'!$C$5:$C$104,"Expense",'Income & Expenses'!$D$5:$D$104,D13) -> 3500
A14: Monthly Summary | D14: Maintenance | E14: =SUMIFS('Income & Expenses'!$H$5:$H$104,'Income & Expenses'!$C$5:$C$104,"Expense",'Income & Expenses'!$D$5:$D$104,D14) -> 0
A15: Month | B15: Income | C15: Expenses | D15: Net | E15: =SUMIFS('Income & Expenses'!$H$5:$H$104,'Income & Expenses'!$C$5:$C$104,"Expense",'Income & Expenses'!$D$5:$D$104,D15) -> 0
A16: 46023 | B16: =SUMIFS('Income & Expenses'!$H$5:$H$104,'Income & Expenses'!$C$5:$C$104,"Income",'Income & Expenses'!$B$5:$B$104,">="&A16,'Income & Expenses'!$B$5:$B$104,"<"&EDATE(A16,1)) -> 0 | C16: =SUMIFS('Income & Expenses'!$H$5:$H$104,'Income & Expenses'!$C$5:$C$104,"Expense",'Income & Expenses'!$B$5:$B$104,">="&A16,'Income & Expenses'!$B$5:$B$104,"<"&EDATE(A16,1)) -> 0 | D16: =B16-C16 -> 0 | E16: =SUMIFS('Income & Expenses'!$H$5:$H$104,'Income & Expenses'!$C$5:$C$104,"Expense",'Income & Expenses'!$D$5:$D$104,D16) -> 0
A17: 46054 | B17: =SUMIFS('Income & Expenses'!$H$5:$H$104,'Income & Expenses'!$C$5:$C$104,"Income",'Income & Expenses'!$B$5:$B$104,">="&A17,'Income & Expenses'!$B$5:$B$104,"<"&EDATE(A17,1)) -> 0 | C17: =SUMIFS('Income & Expenses'!$H$5:$H$104,'Income & Expenses'!$C$5:$C$104,"Expense",'Income & Expenses'!$B$5:$B$104,">="&A17,'Income & Expenses'!$B$5:$B$104,"<"&EDATE(A17,1)) -> 0 | D17: =B17-C17 -> 0 | E17: =SUMIFS('Income & Expenses'!$H$5:$H$104,'Income & Expenses'!$C$5:$C$104,"Expense",'Income & Expenses'!$D$5:$D$104,D17) -> 0
A18: 46082 | B18: =SUMIFS('Income & Expenses'!$H$5:$H$104,'Income & Expenses'!$C$5:$C$104,"Income",'Income & Expenses'!$B$5:$B$104,">="&A18,'Income & Expenses'!$B$5:$B$104,"<"&EDATE(A18,1)) -> 0 | C18: =SUMIFS('Income & Expenses'!$H$5:$H$104,'Income & Expenses'!$C$5:$C$104,"Expense",'Income & Expenses'!$B$5:$B$104,">="&A18,'Income & Expenses'!$B$5:$B$104,"<"&EDATE(A18,1)) -> 0 | D18: =B18-C18 -> 0
A19: 46113 | B19: =SUMIFS('Income & Expenses'!$H$5:$H$104,'Income & Expenses'!$C$5:$C$104,"Income",'Income & Expenses'!$B$5:$B$104,">="&A19,'Income & Expenses'!$B$5:$B$104,"<"&EDATE(A19,1)) -> 0 | C19: =SUMIFS('Income & Expenses'!$H$5:$H$104,'Income & Expenses'!$C$5:$C$104,"Expense",'Income & Expenses'!$B$5:$B$104,">="&A19,'Income & Expenses'!$B$5:$B$104,"<"&EDATE(A19,1)) -> 0 | D19: =B19-C19 -> 0
A20: 46143 | B20: =SUMIFS('Income & Expenses'!$H$5:$H$104,'Income & Expenses'!$C$5:$C$104,"Income",'Income & Expenses'!$B$5:$B$104,">="&A20,'Income & Expenses'!$B$5:$B$104,"<"&EDATE(A20,1)) -> 0 | C20: =SUMIFS('Income & Expenses'!$H$5:$H$104,'Income & Expenses'!$C$5:$C$104,"Expense",'Income & Expenses'!$B$5:$B$104,">="&A20,'Income & Expenses'!$B$5:$B$104,"<"&EDATE(A20,1)) -> 0 | D20: =B20-C20 -> 0
A21: 46174 | B21: =SUMIFS('Income & Expenses'!$H$5:$H$104,'Income & Expenses'!$C$5:$C$104,"Income",'Income & Expenses'!$B$5:$B$104,">="&A21,'Income & Expenses'!$B$5:$B$104,"<"&EDATE(A21,1)) -> 0 | C21: =SUMIFS('Income & Expenses'!$H$5:$H$104,'Income & Expenses'!$C$5:$C$104,"Expense",'Income & Expenses'!$B$5:$B$104,">="&A21,'Income & Expenses'!$B$5:$B$104,"<"&EDATE(A21,1)) -> 0 | D21: =B21-C21 -> 0
A22: 46204 | B22: =SUMIFS('Income & Expenses'!$H$5:$H$104,'Income & Expenses'!$C$5:$C$104,"Income",'Income & Expenses'!$B$5:$B$104,">="&A22,'Income & Expenses'!$B$5:$B$104,"<"&EDATE(A22,1)) -> 0 | C22: =SUMIFS('Income & Expenses'!$H$5:$H$104,'Income & Expenses'!$C$5:$C$104,"Expense",'Income & Expenses'!$B$5:$B$104,">="&A22,'Income & Expenses'!$B$5:$B$104,"<"&EDATE(A22,1)) -> 0 | D22: =B22-C22 -> 0
A23: 46235 | B23: =SUMIFS('Income & Expenses'!$H$5:$H$104,'Income & Expenses'!$C$5:$C$104,"Income",'Income & Expenses'!$B$5:$B$104,">="&A23,'Income & Expenses'!$B$5:$B$104,"<"&EDATE(A23,1)) -> 0 | C23: =SUMIFS('Income & Expenses'!$H$5:$H$104,'Income & Expenses'!$C$5:$C$104,"Expense",'Income & Expenses'!$B$5:$B$104,">="&A23,'Income & Expenses'!$B$5:$B$104,"<"&EDATE(A23,1)) -> 0 | D23: =B23-C23 -> 0
A24: 46266 | B24: =SUMIFS('Income & Expenses'!$H$5:$H$104,'Income & Expenses'!$C$5:$C$104,"Income",'Income & Expenses'!$B$5:$B$104,">="&A24,'Income & Expenses'!$B$5:$B$104,"<"&EDATE(A24,1)) -> 83950 | C24: =SUMIFS('Income & Expenses'!$H$5:$H$104,'Income & Expenses'!$C$5:$C$104,"Expense",'Income & Expenses'!$B$5:$B$104,">="&A24,'Income & Expenses'!$B$5:$B$104,"<"&EDATE(A24,1)) -> 22299 | D24: =B24-C24 -> 61651
A25: 46296 | B25: =SUMIFS('Income & Expenses'!$H$5:$H$104,'Income & Expenses'!$C$5:$C$104,"Income",'Income & Expenses'!$B$5:$B$104,">="&A25,'Income & Expenses'!$B$5:$B$104,"<"&EDATE(A25,1)) -> 0 | C25: =SUMIFS('Income & Expenses'!$H$5:$H$104,'Income & Expenses'!$C$5:$C$104,"Expense",'Income & Expenses'!$B$5:$B$104,">="&A25,'Income & Expenses'!$B$5:$B$104,"<"&EDATE(A25,1)) -> 0 | D25: =B25-C25 -> 0
A26: 46327 | B26: =SUMIFS('Income & Expenses'!$H$5:$H$104,'Income & Expenses'!$C$5:$C$104,"Income",'Income & Expenses'!$B$5:$B$104,">="&A26,'Income & Expenses'!$B$5:$B$104,"<"&EDATE(A26,1)) -> 0 | C26: =SUMIFS('Income & Expenses'!$H$5:$H$104,'Income & Expenses'!$C$5:$C$104,"Expense",'Income & Expenses'!$B$5:$B$104,">="&A26,'Income & Expenses'!$B$5:$B$104,"<"&EDATE(A26,1)) -> 0 | D26: =B26-C26 -> 0
A27: 46357 | B27: =SUMIFS('Income & Expenses'!$H$5:$H$104,'Income & Expenses'!$C$5:$C$104,"Income",'Income & Expenses'!$B$5:$B$104,">="&A27,'Income & Expenses'!$B$5:$B$104,"<"&EDATE(A27,1)) -> 0 | C27: =SUMIFS('Income & Expenses'!$H$5:$H$104,'Income & Expenses'!$C$5:$C$104,"Expense",'Income & Expenses'!$B$5:$B$104,">="&A27,'Income & Expenses'!$B$5:$B$104,"<"&EDATE(A27,1)) -> 0 | D27: =B27-C27 -> 0
A30: Enter new transactions on the Income & Expenses sheet; dashboard totals update automatically.

Sheet Sheet1
A1: S.No.
A2: Date
A3: Type
A4: Category
A5: Description
A6: Payment Method
A7: Transaction ID
A8: Amount
A9: Status
A10: Running Balance
A11: Notes / Remarks

Sheet Lists
A1: Transaction Types | B1: Income Categories | C1: Expense Categories | D1: Payment Methods | E1: Statuses
A2: Income | B2: Salary | C2: Office Supplies | D2: Cash | E2: Paid
A3: Expense | B3: Sales | C3: Travel | D3: Bank Transfer | E3: Received
B4: Interest | C4: Utilities | D4: UPI | E4: Pending
B5: Commission | C5: Rent | D5: Credit Card | E5: Cancelled
B6: Rental Income | C6: Salaries | D6: Debit Card
B7: Other Income | C7: Marketing | D7: Cheque
C8: Maintenance
C9: Internet & Phone
C10: Food & Refreshments
C11: Other Expense
